 Dungeon Crawl Stone Soup version 0.23-a0-393-g6e9e0f2070 (webtiles) character file.

44713 Notair the Severer (level 13, -2/124 HPs)
             Began as a Minotaur Gladiator on Oct 31, 2018.
             Was the Champion of Okawaru.
             Killed from afar by a storm dragon (9 damage)
             ... with a bolt of lightning
             ... on level 14 of the Dungeon.
             The game lasted 00:58:58 (19968 turns).

Notair the Severer (Minotaur Gladiator)            Turns: 19968, Time: 00:58:59

Health: -2/124     AC: 24    Str: 20    XL:     13   Next: 97%
Magic:  12/12      EV: 13    Int:  9    God:    Okawaru [******]
Gold:   1315       SH:  0    Dex: 15    Spells: 12/12 levels left

rFire    + . .     SeeInvis .   l - +1 battleaxe (freeze)
rCold    + + .     Gourm    .   (shield currently unavailable)
rNeg     . . .     Faith    .   b - +0 plate armour
rPois    +         Spirit   .   c - +0 hat
rElec    +         Reflect  .   u - +1 cloak
rCorr    +         Harm     .   i - +0 pair of gloves
MR       .....                  T - +2 pair of boots {Fly}
Stlth    ..........             (no amulet)
HPRegen  0.30/turn              h - ring of protection from cold
MPRegen  0.13/turn              X - -2 ring of dexterity (curse)

@: agile, resistant, flying, very slightly contaminated, invisible
A: retaliatory headbutt, horns 2
a: Heroism, Finesse, Renounce Religion, Stop Flying


You were on level 14 of the Dungeon.
You worshipped Okawaru.
Okawaru was exalted by your worship.
You were not hungry.

You visited 2 branches of the dungeon, and saw 15 of its levels.
You also visited: Ice Cave.

You collected 1315 gold pieces.

Inventory:

Hand Weapons
 l - a +1 battleaxe of freezing (weapon)
 m - a +2 hunting sling of flaming
 q - a +1 hand crossbow of velocity
 P - a +0 blowgun
Missiles
 d - 4 throwing nets (quivered)
 n - 59 sling bullets
 s - 117 bolts
 E - 20 tomahawks
 Q - 10 curare-tipped needles
Armour
 b - a +0 plate armour (worn)
 c - a +0 hat (worn)
 i - a +0 pair of gloves (worn)
 r - a scarf of repulsion
 u - a +1 cloak (worn)
 T - a +2 pair of boots of flying (worn)
 W - a +1 crystal plate armour of cold resistance
Jewellery
 g - an uncursed ring of ice
 h - a ring of protection from cold (left hand)
 C - an uncursed ring of positive energy
 K - a +2 ring of protection
 L - a +4 ring of dexterity
 X - a cursed -2 ring of dexterity (right hand)
Wands
 j - a wand of flame (46)
 y - a wand of polymorph (5)
 z - a wand of enslavement (19)
 G - a wand of scattershot (2)
 M - a wand of acid (6)
 O - a wand of random effects (25)
 V - a wand of iceblast (15)
Scrolls
 e - 6 scrolls of remove curse
 k - a scroll of enchant weapon {unknown}
 o - 4 scrolls of teleportation
 v - a scroll of blinking {unknown}
 w - a scroll of random uselessness {unknown}
 B - 11 scrolls of identify
 H - a scroll of amnesia {unknown}
 I - a scroll of fog {unknown}
 J - 2 scrolls of noise {unknown}
 Z - 2 scrolls of enchant armour {unknown}
Potions
 p - 3 potions of cancellation
 t - 2 potions of lignification
 x - 2 potions of agility
 D - 3 potions of flight
 F - a potion of curing
 N - 2 potions of mutation {unknown}
 S - a potion of ambrosia {unknown}
 U - 2 potions of resistance
 Y - a potion of degeneration {unknown}
Miscellaneous
 R - a lightning rod (4/4)
Comestibles
 f - 29 rations


   Skills:
 + Level 14.0 Fighting
 * Level 19.5 Axes
 - Level 2.0 Throwing
 + Level 14.0 Armour
 - Level 3.2 Dodging
 - Level 1.0 Stealth


You had 12 spell levels left.
You didn't know any spells.
Your spell library contained the following spells:

 Spells                   Type           Power        Failure   Level  Hunger
 Animate Skeleton         Necr           N/A          99%         1    ##.....
 Confusing Touch          Hex            #.....       99%         1    ##.....
 Pain                     Necr           #...         99%         1    ##.....
 Confuse                  Hex            #.......     100%        3    ####...
 Gell's Gravitas          Tloc           #.........   100%        3    ####...
 Ignite Poison            Fire/Tmut/Pois #.......     100%        3    ####...
 Recall                   Summ/Tloc      N/A          100%        3    ####...
 Regeneration             Chrm/Necr      #.........   100%        3    ####...
 Vampiric Draining        Necr           #.........   100%        3    ####...
 Animate Dead             Necr           N/A          100%        4    #####..
 Cause Fear               Hex            #.........   100%        4    #####..
 Petrify                  Tmut/Erth      #.......     100%        4    #####..
 Aura of Abjuration       Summ           #.........   100%        5    ######.
 Fireball                 Conj/Fire      #.........   100%        5    ######.
 Metabolic Englaciation   Hex/Ice        #.........   100%        5    ######.
 Silence                  Hex/Air        #.........   100%        5    ######.
 Summon Demon             Summ           #.........   100%        5    ######.
 Summon Forest            Summ/Tloc      #.........   100%        5    ######.
 Summon Mana Viper        Hex/Summ       #.......     100%        5    ######.
 Yara's Violent Unravell  Hex/Tmut       #.........   100%        5    ######.
 Bolt of Fire             Conj/Fire      #.........   100%        6    #######
 Deflect Missiles         Chrm/Air       #.........   100%        6    #######
 Shadow Creatures         Summ           N/A          100%        6    #######
 Ring of Flames           Chrm/Fire      #.........   100%        7    #######
 Discord                  Hex            #.........   100%        8    #######
 Ignition                 Fire           #.........   100%        8    #######


Dungeon Overview and Level Annotations

Branches:
Dungeon (14/15)            Temple (1/1) D:6            Lair (0/6) D:11
    Orc (0/2) D:11         Vaults (0/5) D:14

Altars:
Ashenzari
Elyvilon
Kikubaaqudgha
Okawaru
Sif Muna
Trog
Vehumet
Wu Jian
Xom
Beogh

Shops:
D:4 (   D:8 *

Portals:
Trove: D:12 (give +6 demon trident)

Annotations:
D:7 1 runed door, Yermak's ghost, novice BaHu


Innate Abilities, Weirdness & Mutations

You reflexively headbutt those who attack you in melee.
You have a pair of horns on your head.


Message History

The storm dragon is heavily wounded.
You feel like a meek peon again. The storm dragon closely misses you.
You furiously retaliate!
You headbutt the storm dragon. The storm dragon barely misses you.
The storm dragon tramples you!
* * * LOW HITPOINT WARNING * * *
You are shoved backwards!
You fade into invisibility!
The storm dragon closely misses you.
The storm dragon claws you but does no damage.
The storm dragon barely misses you.
You are very lightly contaminated with residual magic.
The storm dragon breathes lightning at you.
The bolt of lightning misses you.
The storm dragon breathes lightning at you.
The bolt of lightning misses you.
The storm dragon breathes lightning at something.
The storm dragon breathes lightning at you.
The bolt of lightning hits you! You resist.
You die...

#################################
.................................
.########.......@#######........#
.# #..####..# #...####.# .#
#..####..#######...####.#
.########.....D.......)))........
......................)..........
.#####...........................
.# #.#####.######..#####...####
.# #.# #.# #..# #...# .# #.# #.#
#..# #...#


You could see a storm dragon.

Vanquished Creatures
  A sphinx (D:14)
  A very ugly thing (D:14)
  Snorg (D:10)
  2 hydras (D:11)
  2 centaur warriors
  4 two-headed ogres
  2 dancing weapons (D:14)
  A queen ant (D:11)
  2 tengu warriors (D:13)
  A skeletal warrior (D:14)
  7 unseen horrors
  An orc knight (D:14)
  3 ugly things (D:11)
  2 deep elf magi (D:13)
  4 manticores (D:13)
  2 cyclopes (D:13)
  Maurice (D:9)
  2 ice statues (IceCv)
  A gargoyle (D:14)
  4 orange demons (D:13)
  A komodo dragon (D:14)
  A kobold demonologist (D:14)
  10 ice devils (IceCv)
  5 trolls
  2 meliai zombies
  A slime creature (D:7)
  4 hippogriffs
  Sigmund (D:2)
  A centaur simulacrum (D:14)
  2 shadows
  A redback (shapeshifter) (D:14)
  A spriggan (D:7)
  A water elemental (D:11)
  A wraith (D:13)
  The ghost of Vakaro the Covert, an amateur SpEn of Dithmenos (D:5)
  10 yaks
  2 wyverns
  A hog (shapeshifter) (D:14)
  2 basilisks
  A hungry ghost (D:14)
  7 soldier ants (D:11)
  3 acid dragons
  A water moccasin (D:9)
  13 orc warriors
  A black bear (D:8)
  10 ice beasts
  4 ogres
  6 sky beasts
  2 necrophages
  A phantom (D:8)
  An eye of draining (D:13)
  A wolf (D:11)
  4 centaurs
  A crocodile (D:11)
  12 bullfrogs
  6 big kobolds
  9 scorpions
  4 wyvern skeletons
  5 killer bees (D:11)
  10 wights
  2 electric eels (D:11)
  A howler monkey (D:10)
  6 crimson imps
  5 centaur zombies
  11 hounds
  11 jellies
  A bullfrog zombie (D:9)
  12 orc priests
  4 centaur skeletons
  18 orc wizards
  2 bullfrog skeletons
  Natasha (thrice) (D:2)
  7 iguanas
  29 worker ants
  3 hound skeletons
  2 worker ant zombies (D:8)
  14 adders
  3 gnolls (D:6)
  5 shadow imps
  20 white imps
  7 ufetubi (IceCv)
  23 oozes
  An adder zombie (D:7)
  2 adder skeletons
  4 worms
  3 dart slugs (D:1)
  5 leopard geckos
  87 orcs
  2 giant cockroaches
  8 goblins
  4 hobgoblins
  7 jackals
  5 quokkas
  4 ball pythons
  7 bats
  3 frilled lizards
  32 kobolds
  6 rats
  A fungus (D:7)
564 creatures vanquished.

Vanquished Creatures (others)
  A reaper (IceCv)
  A human (D:9)
  An orc wizard (D:6)
  A white imp (IceCv)
  4 ufetubi (IceCv)
  7 fungi
  9 toadstools (D:2)
24 creatures vanquished.

Grand Total: 588 creatures vanquished

Notes
Turn   | Place    | Note
-------+----------+-------------------------------------------
     0 | D:1      | Notair the Minotaur Gladiator began the quest for the Orb.
     0 | D:1      | Reached XP level 1. HP: 18/18 MP: 0/0
   290 | D:1      | Reached skill level 4 in Axes
   348 | D:1      | Reached XP level 2. HP: 23/25 MP: 1/1
  1307 | D:2      | Reached XP level 3. HP: 30/30 MP: 2/2
  1309 | D:2      | Reached skill level 5 in Axes
  1366 | D:2      | Reached skill level 1 in Armour
  1714 | D:2      | Noticed Natasha
  1717 | D:2      | Killed Natasha
  1717 | D:2      | Reached XP level 4. HP: 37/37 MP: 3/3
  1807 | D:2      | Noticed Sigmund
  1819 | D:2      | Killed Sigmund
  1819 | D:2      | Reached skill level 7 in Axes
  1819 | D:2      | Reached XP level 5. HP: 14/45 MP: 4/4
  1819 | D:2      | Reached XP level 6. HP: 16/51 MP: 5/5
  2205 | D:2      | Reached skill level 1 in Stealth
  2363 | D:2      | Noticed Natasha
  2371 | D:2      | Killed Natasha
  2425 | D:2      | Noticed Natasha
  2431 | D:2      | Killed Natasha
  2528 | D:3      | HP: 2/51 [orc priest/divine providence (12)]
  2536 | D:3      | Reached skill level 8 in Axes
  3166 | D:3      | Reached XP level 7. HP: 58/58 MP: 6/6
  3275 | D:3      | Found a deep blue altar of Sif Muna.
  4176 | D:4      | Found Paepuurgh's Weapon Emporium.
  4536 | D:5      | Entered Level 5 of the Dungeon
  4536 | D:5      | Found a runed door.
  4542 | D:5      | Noticed Vakaro's ghost (amateur SpEn)
  4606 | D:5      | Reached skill level 9 in Axes
  4738 | D:5      | Reached XP level 8. HP: 61/67 MP: 7/7
  4811 | D:5      | Found a shimmering altar of Xom.
  4822 | D:5      | Found a shimmering altar of Xom.
  4823 | D:5      | Found a shimmering altar of Xom.
  4823 | D:5      | Found a shimmering altar of Xom.
  4830 | D:5      | Found a shimmering altar of Xom.
  4830 | D:5      | Found a shimmering altar of Xom.
  5038 | D:5      | Reached skill level 5 in Fighting
  5038 | D:5      | Reached skill level 5 in Armour
  5552 | D:6      | Reached skill level 10 in Axes
  5745 | D:6      | HP: 3/70 [something (5)]
  5750 | D:6      | HP: 1/70 [something (4)]
  6034 | D:6      | Killed an unseen horror
  6034 | D:6      | Reached skill level 11 in Axes
  6034 | D:6      | Reached XP level 9. HP: 50/78 MP: 8/8
  6185 | D:6      | Found a staircase to the Ecumenical Temple.
  6194 | Temple   | Entered the Ecumenical Temple
  6199 | Temple   | Became a worshipper of Warmaster Okawaru
  7100 | D:7      | Found a runed door.
  7105 | D:7      | Noticed Yermak's ghost (novice BaHu)
  7105 | D:7      | Noticed a komodo dragon
  7432 | D:7      | Reached * piety under Okawaru
  7682 | D:7      | Reached skill level 12 in Axes
  7812 | D:7      | Reached ** piety under Okawaru
  7932 | D:5      | Killed Vakaro's ghost
  8112 | D:8      | Found a roughly hewn altar of Beogh.
  8169 | D:8      | Reached XP level 10. HP: 34/88 MP: 9/9
  8521 | D:8      | Found Ruol's Assorted Antiques.
  8536 | D:8      | Reached skill level 13 in Axes
  8584 | D:8      | Reached *** piety under Okawaru
  8945 | D:9      | Found an ancient bone altar of Kikubaaqudgha.
  9003 | D:9      | Noticed Maurice
  9013 | D:9      | Killed Maurice
  9071 | D:9      | Reached **** piety under Okawaru
  9103 | D:9      | Found a radiant altar of Vehumet.
  9103 | D:9      | Found an ornate altar of the Wu Jian Council.
  9157 | D:9      | Reached skill level 14 in Axes
  9686 | D:9      | Received a gift from Okawaru
 10009 | D:10     | Entered Level 10 of the Dungeon
 10033 | D:10     | Killed an unseen horror
 10187 | D:10     | Noticed Snorg
 10236 | D:10     | Killed Snorg
 10236 | D:10     | Reached skill level 10 in Armour
 10236 | D:10     | Reached XP level 11. HP: 44/99 MP: 7/10
 10243 | D:10     | Reached skill level 10 in Fighting
 11542 | D:11     | Noticed a four-headed hydra
 11563 | D:11     | Noticed a two-headed ogre
 11574 | D:11     | Killed a two-headed ogre
 11574 | D:11     | Reached ***** piety under Okawaru
 11574 | D:11     | Reached skill level 15 in Axes
 11711 | D:11     | Killed a five-headed hydra
 11711 | D:11     | Received a gift from Okawaru
 11747 | D:10     | HP: 2/101 [troll (8)]
 11754 | D:10     | HP: 2/101 [poisoned by a killer bee]
 12254 | D:11     | Received a gift from Okawaru
 12530 | D:11     | Found a staircase to the Orcish Mines.
 12845 | D:11     | Noticed a white ugly thing
 12852 | D:11     | Killed a white ugly thing
 12893 | D:11     | Received a gift from Okawaru
 12919 | D:11     | Found a staircase to the Lair.
 12925 | D:11     | Reached skill level 16 in Axes
 13023 | D:11     | Noticed a seven-headed hydra
 13253 | D:11     | Killed a seven-headed hydra
 13397 | D:11     | Reached XP level 12. HP: 108/110 MP: 11/11
 13458 | D:11     | Noticed a queen ant
 13465 | D:11     | Killed a queen ant
 13465 | D:11     | Received a gift from Okawaru
 14799 | D:12     | Found a portal to a secret trove of treasure.
 14942 | D:13     | Noticed a two-headed ogre
 14960 | D:12     | Killed a two-headed ogre
 14960 | D:12     | Reached skill level 17 in Axes
 15247 | D:13     | Found a frozen archway.
 15261 | D:13     | Got a heavily runed chain mail
 15273 | IceCv    | Entered an ice cave
 15366 | IceCv    | Killed a reaper
 15672 | IceCv    | Identified the +3 chain mail of the Sacrificial Victim
                  | {*Drain rPois Int-5 SInv} (You found it on level 13 of the
                  | Dungeon)
 16345 | D:13     | Received a gift from Okawaru
 16526 | D:13     | Noticed a tengu warrior
 16527 | D:13     | Noticed a tengu warrior
 16542 | D:13     | Killed a tengu warrior
 16553 | D:13     | Killed a tengu warrior
 16553 | D:13     | Reached ****** piety under Okawaru
 16553 | D:13     | Received a gift from Okawaru
 16967 | D:13     | Noticed a two-headed ogre
 16974 | D:13     | Killed a two-headed ogre
 16974 | D:13     | Reached XP level 13. HP: 109/119 MP: 12/12
 16988 | D:13     | Reached skill level 18 in Axes
 17916 | D:13     | Received a gift from Okawaru
 18513 | D:14     | Found a roughly hewn altar of Beogh.
 18822 | D:14     | Found a gate to the Vaults.
 18836 | D:14     | Reached skill level 19 in Axes
 19440 | D:14     | Noticed a brown very ugly thing
 19441 | D:14     | Noticed a sphinx
 19469 | D:14     | Killed a brown very ugly thing
 19481 | D:14     | Received a gift from Okawaru
 19486 | D:14     | Killed a sphinx
 19488 | D:14     | Noticed a storm dragon
 19954 | D:14     | HP: 2/124 [storm dragon (9)]
 19968 | D:14     | Killed from afar by a storm dragon

Vault maps used:
D:1:      scummos_arrival_star
D:2:      cheibrodos_fertilizer, minmay_misc_feat_hallway, uniq_natasha,
          uniq_sigmund
D:3:      lemuel_blue_sif_altar
D:4:      serial_shops, shop, first_ration
D:5:      ebering_ghost_sewer_d, xom_redecorated
D:6:      lemuel_temple_firewalk_a
D:7:      lemuel_slime, ebering_ghost_inner_flame, the_bakery
D:8:      serial_shops, shop_fountains, special_room
D:9:      gammafunk_temple_overflow_elements, tgw_kikubaaqudgha, uniq_maurice
D:10:     hangedman_decor_points, uniq_snorg
D:11:     erik_lair_island, orc_david_3, minmay_another_anthill
D:12:     nicolae_trove_entry_diagonal
D:13:     minmay_imperfect_grid, portal_ice_cave_entry_imps,
          einodemon_barbed_minivault
D:14:     minmay_expanding_squares, erik_vaults_1, dk_noncrumbling_2,
          special_room
Temple:   regret_index_temple_chain_breaker
IceCv:    ice_cave_small_demon

Skill      XL: |  1  2  3  4  5  6  7  8  9 10 11 12 13 |
---------------+----------------------------------------+-----
Axes           | 4 5 7 8 9 11 12 14 16 17 19 | 19.5
Armour         | 1 2 3 4 6 8 10 11 12 14 | 14.0
Fighting       | 3 4 6 8 9 11 12 14 | 14.0
Stealth        | 1 |  1.0
Throwing       | |  2.0
Dodging        | |  3.2

Action                   |  1- 3 |  4- 6 |  7- 9 | 10-12 | 13-15 || total
-------------------------+-------+-------+-------+-------+-------++-------
Melee: War axe           |    74 |    99 |   432 |   288 |       ||   893
       Headbutt          |     4 |    18 |    94 |   194 |    66 ||   376
       Battleaxe         |       |       |       |   500 |   325 ||   825
Throw: Stone             |    22 |       |     2 |       |       ||    24
Invok: Heroism           |       |       |     2 |    14 |     6 ||    22
Evoke: Wand              |       |       |       |     9 |       ||     9
  Use: Potion            |       |     1 |     5 |       |     6 ||    12
       Scroll            |       |       |     4 |     7 |       ||    11
 Stab: Distracted        |       |       |       |     2 |       ||     2
  Eat: Chunk             |     2 |     5 |    16 |    22 |     9 ||    54
       Ration            |       |       |       |     2 |     1 ||     3
Armor: Leather armour    |    10 |       |       |       |       ||    10
       Ring mail         |    11 |    31 |    17 |       |       ||    59
       Chain mail        |       |       |   202 |       |       ||   202
       Plate armour      |       |       |    16 |   631 |   228 ||   875
Dodge: Dodged            |    56 |    62 |   127 |   280 |   108 ||   633

Table legend:
 A = Non-vault XP
 B = Vault XP
 C = Vault XP percentage of total XP
 D = Non-vault monster count
 E = Vault monster count
 F = Vault count percentage of total count
                 A         B        C        D         E       F
            +---------+---------+-------+---------+---------+-------
      Total |   31807 |   32070 |  50.2 |     347 |     216 |  38.4
            +---------+---------+-------+---------+---------+-------
        D:1 |      36 |       0 |   0.0 |      19 |       0 |   0.0
        D:2 |     161 |     421 |  72.3 |      26 |      18 |  40.9
        D:3 |     126 |       0 |   0.0 |      17 |       0 |   0.0
        D:4 |     377 |       0 |   0.0 |      18 |       0 |   0.0
        D:5 |     458 |     319 |  41.1 |      14 |       4 |  22.2
        D:6 |    1284 |       0 |   0.0 |      15 |       0 |   0.0
        D:7 |    1214 |     817 |  40.2 |      30 |      21 |  41.2
        D:8 |    1333 |     515 |  27.9 |      31 |      24 |  43.6
        D:9 |    1996 |     496 |  19.9 |      21 |       1 |   4.5
       D:10 |    2807 |    1259 |  31.0 |      17 |       2 |  10.5
       D:11 |    8625 |    3411 |  28.3 |      62 |      38 |  38.0
       D:12 |    2392 |     119 |   4.7 |      15 |       1 |   6.2
       D:13 |    5143 |   10665 |  67.5 |      32 |      43 |  57.3
       D:14 |    5855 |    9696 |  62.3 |      30 |      37 |  55.2
      IceCv |       0 |    4352 | 100.0 |       0 |      27 | 100.0
            +---------+---------+-------+---------+---------+-------
